 Dungeon Crawl Stone Soup version 0.29.1-1-gd02db6906a (webtiles) character file.

Game seed: 9227310319724121095

440 Godmorgon the Gusty (level 7, -1/36 HPs)
             Began as a Tengu Air Elementalist on Oct 21, 2022.
             Killed by their own static electricity (2 damage)
             ... on level 3 of the Dungeon.
             The game lasted 00:16:04 (4955 turns).

Godmorgon the Gusty (Tengu Air Elementalist)        Turns: 4955, Time: 00:16:04

Health: -1/36      AC:  7    Str: 10    XL:     7   Next: 2%
Magic:  11/13      EV: 14    Int: 22    God:
Gold:   192        SH:  5    Dex: 14    Spells: 10/13 levels left

rFire   + . .      SeeInvis .   a - +0 sling
rCold   . . .      Faith    .   (no shield)
rNeg    . . .      Spirit   .   e - +0 robe
rPois   .          Reflect  +   (helmet restricted)
rElec   .          Harm     .   n - scarf {repulsion}
rCorr   .          Rampage  .   u - +0 pair of gloves
Will    .....                   (boots unavailable)
Stlth   ++........              t - amulet of reflection
HPRegen 0.12/turn               m - +4 ring of protection
MPRegen 0.13/turn               v - ring "Xatsec" {Fly rF+ Str+2 Int+4}

@: flying quickly and evasively, repel missiles, quick
A: beak, talons 3, nimble flight
a: no special abilities


You were on level 3 of the Dungeon.
You visited 1 branch of the dungeon, and saw 4 of its levels.

You collected 192 gold pieces.

Inventory:

Hand Weapons
 a - a +0 sling (weapon)
 g - a +0 dagger
Missiles
 x - 3 poisoned darts
Armour
 e - a +0 robe (worn)
 n - a scarf of repulsion (worn)
 u - a +0 pair of gloves (worn)
Jewellery
 m - a +4 ring of protection (left hand)
 t - an amulet of reflection (around neck)
 v - the ring "Xatsec" (right hand) {Fly rF+ Str+2 Int+4}
   (You found it on level 3 of the Dungeon)

   [ring of flight]

   Str:       It affects your strength (+2).
   Int:       It affects your intelligence (+4).
   rF:        It protects you from fire.
   Fly:       It grants you flight.
Scrolls
 j - a scroll of poison {unknown}
 k - a scroll of noise {unknown}
 o - a scroll of vulnerability {unknown}
 p - 3 scrolls of identify {unknown}
 r - 4 scrolls of fear {unknown}
 s - a scroll of teleportation {unknown}
 w - a scroll of enchant armour {unknown}
Potions
 b - a potion of magic
 c - 2 potions of mutation {unknown}
 d - a potion of berserk rage {unknown}
 f - a potion of curing {unknown}
 h - a potion of brilliance {unknown}
 i - 4 potions of degeneration {unknown}
 l - a potion of haste {unknown}
 q - 2 potions of heal wounds {unknown}
 z - a potion of flight {unknown}


   Skills:
 - Level 2.1 Dodging
 - Level 2.0 Stealth
 + Level 3.7 Spellcasting
 + Level 4.6 Conjurations
 * Level 7.6 Air Magic


You had 10 spell levels left.
You knew the following spells:

 Your Spells              Type           Power      Damage    Failure   Level
d - Static Discharge      Conj/Air       31%        3-7/arc   1%          2
s - Shock                 Conj/Air       100%       1d9       1%          1

Your spell library contained the following spells:

 Spells                   Type           Power      Damage    Failure   Level
 Swiftness                Air            37%        N/A       1%          3
 Airstrike                Air            18%        2d(3-19)  4%          4
 Summon Small Mammal      Summ           16%        N/A       12%         1
 Call Canine Familiar     Summ           4%         N/A       34%         3
 Summon Guardian Golem    Hex/Summ       4%         N/A       34%         3


Dungeon Overview and Level Annotations

Branches:
Dungeon (4/15)
 Temple: D:4-7

Altars:
Zin
The Shining One

Shops:
D:3 =:*

Annotations:
D:4 Duvessa, Menkaure


Innate Abilities, Weirdness & Mutations

You have a beak for a mouth.
You have claws for feet.
Your magical nature lets you fly swiftly and evasively.


Message History

You start resting.
HP restored.
There is a stone staircase leading down here.
You fly downwards.
Level annotation: Duvessa
Found 4 boomerangs and 13 gold pieces.
Found an escape hatch in the ceiling.
There is a stone staircase leading up here.
Casting: Shock (safe; 1% risk of failure)
Confirm with . or Enter, or press ? or * to list all spells.
Aiming: Shock (safe; 1% risk of failure)
Press: ? - help, Shift-Dir - straight line, f - kobold
Aim: a kobold, wielding a +1 dagger of venom (asleep, 100% to hit)
Okay, then.
Menkaure shouts!
The endoplasm quivers.
The kobold shouts!
An orc priest comes into view. It is wielding a +0 club.
A giant cockroach comes into view.
Menkaure calls on the powers of darkness!
The endoplasm convulses!
Your body is wracked with pain!
The kobold convulses!
The orc priest convulses!
Menkaure gestures at you while chanting.
Pain shoots through your body!
* * * LOW HITPOINT WARNING * * *
The orc priest looks encouraged for a moment.
You hear a shout! x2
There is a stone staircase leading up here.
The kobold hits you but does no damage.
The orc priest calls down the wrath of Beogh upon you.
Beogh smites you!
* * * LOW HITPOINT WARNING * * *
You hear a shout!
You fly upwards.
There is a stone staircase leading down here.
Casting: Shock (safe; 1% risk of failure)
Confirm with . or Enter, or press ? or * to list all spells.
The kobold is struck by an arc of lightning!
You kill the kobold!
You are struck by an arc of lightning.
You die...

........#.#..##.#
.......##..#..#.#
.......##..##...#####
...........####.....###
^..>......∩...#.###...###
........##.......####...#
........##..##.#.##...###
#..#####.#..##)..#..###
......##...###..@).##
#.###......#####.#.# #.#
######....##...## ..#
##.........# ###
###########


There were no monsters in sight!

Vanquished Creatures
  Blork the orc (D:4)
  Dowan (D:4)
  2 iguanas (D:4)
  Robin (D:4)
  8 gnolls
  8 adders
  A worm (D:2)
  10 dart slugs
  An orc (D:4)
  3 bats
  6 endoplasms
  A giant cockroach (D:2)
  13 goblins
  8 hobgoblins
  11 jackals
  3 quokkas
  2 ball pythons
  4 frilled lizards
  8 kobolds
  3 rats
95 creatures vanquished.

Notes
Turn   | Place    | Note
-------+----------+-------------------------------------------
     0 | D:1      | Godmorgon the Tengu Air Elementalist began the quest for
                  | the Orb.
     0 | D:1      | Reached XP level 1. HP: 10/10 MP: 4/4
   238 | D:1      | Reached XP level 2. HP: 15/15 MP: 4/6
   241 | D:1      | Learned a level 2 spell: Static Discharge
   968 | D:2      | Reached XP level 3. HP: 10/19 MP: 0/7
  1171 | D:2      | Reached skill level 5 in Air Magic
  1705 | D:2      | Reached XP level 4. HP: 24/24 MP: 5/8
  1912 | D:2      | Found a faded altar of an unknown god.
  2224 | D:2      | Gained mutation: Your magical nature lets you fly swiftly
                  | and evasively. [Tengu growth]
  2224 | D:2      | Reached XP level 5. HP: 26/28 MP: 0/10
  2319 | D:2      | Reached skill level 6 in Air Magic
  2581 | D:3      | Found Ful Van's Book Shop.
  2962 | D:3      | Found Xykoon's Assorted Antiques.
  3040 | D:3      | Found Niguevu's Jewellery Shoppe.
  3064 | D:3      | Found a glowing golden altar of the Shining One.
  3103 | D:3      | Identified the ring "Xatsec" {Fly rF+ Str+2 Int+4}
  3141 | D:3      | Found a glowing silver altar of Zin.
  3141 | D:3      | Noticed an angel
  3287 | D:4      | Noticed Robin
  3388 | D:4      | Killed Robin
  3854 | D:4      | Reached XP level 6. HP: 25/32 MP: 6/11
  4223 | D:4      | Reached skill level 7 in Air Magic
  4341 | D:4      | Noticed Blork the orc
  4353 | D:4      | Killed Blork the orc
  4555 | D:4      | Noticed Dowan
  4560 | D:4      | Noticed Duvessa
  4702 | D:4      | Killed Dowan
  4703 | D:4      | Reached XP level 7. HP: 23/36 MP: 6/13
  4948 | D:4      | Noticed Menkaure
  4953 | D:4      | HP: 1/36 [orc priest/divine providence (9)]
  4955 | D:3      | Killed from afar by themself

Illustrated notes

Levels and vault maps discovered:
D:1:      heliophobic_arrival_henge, layout_loops_ring
D:2:      layout_rooms, hellmonk_ecumenical_altar_slurped_away,
          minmay_liquid_box, corner_web_ring, minmay_ruptured
D:3:      layout_rooms, mainiacjoe_overflow_small_starburst, zin_angel,
          serial_shops, nicolae_shop_stone, nicolae_shop_advertising_works
          [nicolae_subvault_shop_adworks], nicolae_square_shop
D:4:      kennysheep_slugbush, layout_rooms, uniq_robin, uniq_blork_the_orc,
          uniq_duvessa, uniq_menkaure

Skill      XL: |  1  2  3  4  5  6 |
---------------+-------------------+-----
Conjurations   | 2 3 4 |  4.6
Air Magic      | 5 6 7 |  7.6
Spellcasting   | 3 |  3.7
Dodging        | |  2.1
Stealth        | |  2.0

Action                   |  1- 3 |  4- 6 |  7- 9 || total
-------------------------+-------+-------+-------++-------
 Fire: Sling             |    17 |     2 |       ||    19
 Cast: Shock             |    29 |    80 |     4 ||   113
       Static Discharge  |    19 |    44 |       ||    63
Armor: Robe              |     7 |     6 |     1 ||    14
Dodge: Dodged            |    17 |    29 |       ||    46
       Repelled          |       |     2 |       ||     2
Block: Other             |       |     7 |       ||     7
       Reflection        |       |     2 |       ||     2
